AoeStats
← bela29318

Arabia

508200620Analyzed
2v2 RM · 9d ago on Sep 21, 2026· 91m 38s· 4 players
Game mode
Random Map
Map size
Medium (4 player)
Population
200
Speed
Normal
Resources
Standard
Victory
Conquest
Starting age
Dark Age
Ending age
Imperial Age
RankedLock teamsTeams togetherTeam positionsShared explorationLock speedFull tech treeHidden civsTurbo modeCheats
Victory
Defeat
🇨🇭 Britons · Switzerland
771
+17
🇮🇳 Sicilians · India
703
+20
🇹🇼 Franks · Taiwan
837
-20
🇹🇼 Britons · Taiwan
745
-32
xReddi
7:48 Loom
11:11 Feudal Age
13:05 Wheelbarrow
17:26 Castle Age
15:55 Double-Bit Axe
15:54 Horse Collar
21:09 Hand Cart
21:03 Heavy Plow
21:18 Bow Saw
25:42 Forging
25:54 Stone Mining
25:55 Gold Mining
30:42 Fletching
30:53 Padded Archer Armor
31:16 Ballistics
31:08 Town Watch
32:34 Gold Shaft Mining
32:01 Bodkin Arrow
32:23 Leather Archer Armor
32:24 Caravan
33:04 Iron Casting
33:12 Town Patrol
34:56 Murder Holes
35:13 Fortified Wall
37:52 Yeomen
37:33 Treadmill Crane
38:05 Masonry
40:30 Imperial Age
41:36 Conscription
40:37 Elite Longbowman
43:50 Warwolf
43:21 Man-at-Arms
44:04 Gambesons
44:21 Squires
44:24 Bracer
44:54 Ring Archer Armor
45:17 Iron Casting
44:55 Long Swordsman
46:02 Scale Mail Armor
47:05 Chemistry
46:15 Two-Handed Swordsman
47:25 Champion
50:57 Chain Mail Armor
51:43 Blast Furnace
53:54 Plate Mail Armor
55:30 Two-Man Saw
55:42 Fervor
55:52 Sanctity
87:22 Guilds
bela29318
7:13 Loom
7:32 Loom
10:56 Feudal Age
13:33 Double-Bit Axe
14:43 Forging
19:06 Scale Mail Armor
19:17 Stone Mining
19:23 Horse Collar
32:19 Castle Age
32:23 Gold Mining
33:16 Pikeman
35:06 Bow Saw
35:35 Heavy Plow
41:30 Iron Casting
61:43 Squires
62:21 Chain Mail Armor
63:02 Gold Shaft Mining
63:03 Stone Shaft Mining
64:29 Wheelbarrow
67:23 Imperial Age
67:53 Capped Ram
69:51 Blast Furnace
69:23 Plate Mail Armor
69:36 Crop Rotation
68:35 Halberdier
69:01 Siege Ram
70:31 Elite Serjeant
84:05 Conscription
84:23 Hoardings
83:55 Hauberk
84:12 First Crusade
88:01 Heavy Scorpion
caachris83
12:11 Feudal Age
19:26 Castle Age
21:57 Double-Bit Axe
29:13 Wheelbarrow
31:33 Stone Mining
33:43 Bow Saw
36:26 Fletching
36:37 Padded Archer Armor
37:31 Hand Cart
37:04 Town Watch
39:41 Town Patrol
42:01 Bodkin Arrow
42:21 Leather Archer Armor
45:10 Imperial Age
47:30 Warwolf
80:23 Scale Mail Armor
80:35 Forging
ZIV_83tw
10:02 Feudal Age
10:02 Loom
11:22 Double-Bit Axe
14:21 Forging
16:11 Scale Barding Armor
23:45 Castle Age
25:27 Gold Mining
25:49 Husbandry
47:27 Chain Barding Armor
47:44 Iron Casting
48:22 Gold Shaft Mining
53:39 Imperial Age
52:00 Wheelbarrow
52:31 Bow Saw
53:41 Cavalier
56:40 Paladin
59:31 Plate Barding Armor
60:07 Blast Furnace
65:41 Hand Cart
69:58 Caravan
74:41 Coinage
77:46 Banking
Connection lost

Rejoining the realm…

Still unreachable

The connection could not be restored.

Session expired

The server has moved on; the page needs a fresh start.